 Dungeon Sprint DCSS version 0.31-a0-1278-g11c5b68f87 (webtiles) character file.

Game seed: 13092246324682168804

408 dialectric the Unseen (level 6, -3/33 HPs)
             Began as a Spriggan Brigand on Dec 18, 2023.
             Was an Initiate of Jiyva.
             Slain by a hornet (11 damage)
             ... in the Dungeon (Sprint I: "Red Sonja").
             The game lasted 00:01:33 (247 turns).

dialectric the Unseen (Spriggan Brigand)             Turns: 247, Time: 00:01:34

Health: -3/33      AC:  3    Str:  7    XL:     6   Next: 57%
Magic:  7/7        EV: 19    Int: 12    God:    Jiyva [......]
Gold:   162        SH:  0    Dex: 19    Spells: 5/5 levels left

rFire   . . .        a - +2 dagger
rCold   . . .        (no shield)
rNeg    . . .        b - +0 robe
rPois   .            (helmet restricted)
rElec   .            c - +0 cloak
rCorr   .            (gloves unavailable)
SInv    +            (boots unavailable)
Will    +....        (no amulet)
Stlth   +++++++      (no ring)
HPRegen 0.25/turn    (no ring)
MPRegen 0.10/turn

%: no teleportation
@: slowed, quick
A: very small, no large weapons, unfitting armour, see invisible, speed 3
a: Renounce Religion


You were in the Dungeon.
You worshipped Jiyva.
Jiyva was noncommittal.
You visited 1 branch You collected 162 gold pieces.

Inventory:

Hand Weapons
 a - a +2 dagger (weapon)
Missiles
 d - 9 poisoned darts
 e - a curare-tipped dart (quivered)
Armour
 b - a +0 robe (worn)
 c - a +0 cloak (worn)
Wands
 l - a wand of roots (1)
Scrolls
 k - a scroll of blinking
 m - a scroll of fog {unknown}
Potions
 h - a potion of haste
 i - 2 potions of magic
 j - a potion of berserk rage


   Skills:
 + Level 3.8 Fighting
 + Level 5.1 Short Blades
 - Level 2.5 Throwing
 + Level 3.7 Dodging
 + Level 19.2 Stealth


You had 5 spell levels left.
You didn't know any spells.
Your spell library was empty.

Dungeon Overview and Level Annotations

Branches:
Dungeon (1/1)

Altars:
Cheibriados
Dithmenos
Elyvilon
Fedhas
Gozag
Hepliaklqana
Kikubaaqudgha
Makhleb
Nemelex Xobeh
Okawaru
Qazlal
Ru
Sif Muna
Trog
Uskayaw
Vehumet
Wu Jian
Xom
Yredelemnul
Zin
The Shining One
Jiyva
Lugonu

Shops:
D (


Innate Abilities, Weirdness & Mutations

You are very small and have problems with some larger weapons.
You are too small for most types of armour.
You have supernaturally acute eyesight. (SInv)
You cover ground extremely quickly. (Speed+++)


Message History

Unknown command.
You open the door. The hornet misses you.
Found 108 gold pieces.
Found 27 gold pieces.
There is an open door here.
The hornet attacks as it pursues you! The hornet stings you.
* * * LOW HITPOINT WARNING * * *
You are lethally poisoned!
You feel yourself slow down.
You see here 27 gold pieces.
There's a creature in the doorway!
Unknown command.
You feel better.
You feel yourself speed up. The hornet closely misses you.
The hornet completely misses you.
Unknown command.
Throw: 2 darts (curare)
Press: ? - help, Q - select action, (/) - cycle Shift-Dir - straight line, f - hornet
Aim: a hornet (46% to hit)
You throw a curare-tipped dart.
The curare-tipped dart misses the hornet.
The curare-tipped dart hits the centaur warrior.
The centaur warrior is poisoned.
The centaur warrior convulses.
The centaur warrior seems to slow down.
The centaur warrior is moderately wounded.
The hornet stings you!
* * * LOW HITPOINT WARNING * * *
You feel yourself slow down.
Unknown command.
Unknown command.
You feel much better. The hornet barely misses you. The hornet stings you!
* * * LOW HITPOINT WARNING * * *
You feel as though you will be slow longer.
Unknown command.
You barely miss the hornet. The hornet barely misses you.
The hornet stings you.
* * * LOW HITPOINT WARNING * * *
You feel as though you will be slow longer.
You barely miss the hornet. The hornet stings you!
You die...

###################
#<.#.)'..#.)'..#__#
#..'..#.....#.....+
#..#####'#####'#__# #
#..####..#$$$#.####.(
#..#__####$@##§#§§~.c
#..#_____##y#_§§§§§.§
#⌠⌠#_.∩..('c.§c#§§§§c
####_..__##_.#'##.#
#_____###+#.# :J
####### ### ##


You could see a centaur warrior (very poisoned, slow, corroded) and a hornet.

Vanquished Creatures
  Sigmund (D)
  A yak (D)
  An ogre (D)
  Ijyb (D)
4 creatures vanquished.

Vanquished Creatures (others)
  A centaur warrior (D)
  5 necrophages (D)
  9 jellies (D)
15 creatures vanquished.

Grand Total: 19 creatures vanquished

Notes
Turn   | Place    | Note
-------+----------+-------------------------------------------
     0 | D        | dialectric the Spriggan Brigand began the quest for the
                  | Orb.
     0 | D        | Reached XP level 1. HP: 10/10 MP: 2/2
     2 | D        | Noticed Ijyb
     4 | D        | Killed Ijyb
     5 | D        | Reached skill level 9 in Stealth
     5 | D        | Reached XP level 2. HP: 15/15 MP: 3/3
     8 | D        | Noticed an ogre
    38 | D        | Killed an ogre
    39 | D        | Reached skill level 13 in Stealth
    39 | D        | Reached XP level 3. HP: 7/19 MP: 4/4
    39 | D        | Reached XP level 4. HP: 8/23 MP: 5/5
    53 | D        | Noticed Sigmund
    55 | D        | Killed Sigmund
    56 | D        | Reached skill level 17 in Stealth
    56 | D        | Reached XP level 5. HP: 14/28 MP: 6/6
    56 | D        | Reached XP level 6. HP: 16/32 MP: 7/7
    70 | D        | Found a shimmering blue altar of Sif Muna.
    71 | D        | Found an ornate altar of the Wu Jian Council.
    72 | D        | Found a radiant altar of Vehumet.
   185 | D        | Found a burning altar of Makhleb.
   185 | D        | Found a shimmering altar of Xom.
   185 | D        | Noticed a slime creature
   187 | D        | Found a viscous altar of Jiyva.
   187 | D        | Found a corrupted altar of Lugonu.
   196 | D        | Became a worshipper of Jiyva Jaggel the Shapeless
   200 | D        | Noticed a centaur warrior
   208 | D        | Noticed a centaur warrior
   211 | D        | Found Bonellan's Weapon Emporium.
   211 | D        | Found an ancient bone altar of Kikubaaqudgha.
   211 | D        | Found a stormy altar of Qazlal.
   211 | D        | Found a blossoming altar of Fedhas.
   211 | D        | Found a bloodstained altar of Trog.
   211 | D        | Found an iron altar of Okawaru.
   211 | D        | Found a glowing golden altar of the Shining One.
   211 | D        | Found a glowing silver altar of Zin.
   211 | D        | Found a white marble altar of Elyvilon.
   211 | D        | Noticed a yak
   213 | D        | Found a hazy altar of Hepliaklqana.
   213 | D        | Found a hide-covered altar of Uskayaw.
   213 | D        | Found a sacrificial altar of Ru.
   220 | D        | Found a basalt altar of Yredelemnul.
   220 | D        | Found an opulent altar of Gozag.
   220 | D        | Found a snail-covered altar of Cheibriados.
   220 | D        | Found a shadowy altar of Dithmenos.
   221 | D        | Found a sparkling altar of Nemelex Xobeh.
   225 | D        | Killed a centaur warrior
   231 | D        | Killed a yak
   232 | D        | Reached skill level 5 in Short Blades
   232 | D        | Reached skill level 19 in Stealth
   235 | D        | Noticed a hornet
   247 | D        | Slain by a hornet

Illustrated notes

Levels and vault maps discovered:
D:        dungeon_sprint_1 [red_sonja_temple_1, red_sonja_temple_small_1]

Skill      XL: |  1  2  3  4  5  6 |
---------------+-------------------+-----
Fighting       | 2 3 |  3.8
Stealth        | 9 13 17 19 | 19.2
Short Blades   | 3 4 5 |  5.1
Dodging        | 2 3 |  3.7
Throwing       | |  2.5

Action                     |  1- 3 |  4- 6 || total
---------------------------+-------+-------++-------
  Melee: Dagger            |     1 |     6 ||     7
  Throw: Dart              |     5 |     6 ||    11
    Use: Potion            |       |     2 ||     2
   Stab: Sleeping          |     1 |     1 ||     2
 Armour: Robe              |     1 |     8 ||     9
  Dodge: Dodged            |     1 |    11 ||    12

Table legend: (Time is in decaauts)
 A = Elapsed time spent in this place.
 B = Non-inter-level travel time spent in this place.
 C = Inter-level travel time spent in this place.
 D = Time resting spent in this place.
 E = Time spent auto-exploring this place.
 F = Levels seen in this place.
 G = Mean time per level.
                   A        B        C        D        E       F      G
               +--------+--------+--------+--------+--------+-----+--------+
         Total |    202 |    202 |      0 |     87 |      0 |   1 |  202.0 |
       Dungeon |    202 |    202 |      0 |     87 |      0 |   1 |  202.0 |
               +--------+--------+--------+--------+--------+-----+--------+

Top non-repeatable levels by time:
       D: 202 daAuts
